TOP OF THE 1ST |
Chicago Tula batting - Pitching for Put-In-Bay BC : RHP Jin-guo Quan
|
Pitching: RHP Jin-guo Quan
|
|
Batting: SHB Augusto Trejo
|
0-0: Called Strike 0-1: Ball 1-1: Foul Ball, location: 2F 1-2: Ball 2-2: Hit by Pitch
|
Batting: RHB Eric Deweese
|
0-0: Called Strike Augusto Trejo steals 2nd base 0-1: Ball 1-1: Ball 2-1: Foul Ball, location: 2F 2-2: Ball 3-2: Strikes out swinging
|
Batting: SHB Brian Burt
|
0-0: Ball 1-0: Ball 2-0: Ball 3-0: Called Strike 3-1: Foul Ball, location: 2F 3-2: Foul Ball, location: 2F 3-2: Strikes out swinging
|
Batting: SHB Sean Worley
|
0-0: Called Strike 0-1: Called Strike 0-2: Ball 1-2: Ball 2-2: Foul Ball, location: 2F 2-2: Strikes out swinging
|
Top of the 1st over - 0 runs, 0 hits, 0 errors, 1 left on base; Chicago 0 - Put-In-Bay 0 |
BOTTOM OF THE 1ST |
Put-In-Bay BC batting - Pitching for Chicago Tula : RHP Kent Randall
|
Pitching: RHP Kent Randall
|
|
Batting: RHB Álex Maroto
|
0-0: Ball 1-0: Ball 2-0: Called Strike 2-1: Foul Ball, location: 2F 2-2: Ground out 5-3 (Groundball, 56D)
|
Batting: SHB Ángel Venegas
|
0-0: Called Strike 0-1: Swinging Strike 0-2: Strikes out looking
|
Batting: SHB Yushua Harith
|
0-0: Ball 1-0: Ball 2-0: Foul Ball, location: 2F 2-1: SINGLE (Line Drive, 4MD)
|
Batting: LHB Pablo Martínez
|
0-0: Ball 1-0: Foul Ball, location: 2F 1-1: Swinging Strike 1-2: Ground out U3 (Groundball, 3)
|
Bottom of the 1st over - 0 runs, 1 hit, 0 errors, 1 left on base; Chicago 0 - Put-In-Bay 0 |
TOP OF THE 2ND |
Chicago Tula batting - Pitching for Put-In-Bay BC : RHP Jin-guo Quan
|
Batting: RHB Frank de Blooys
|
0-0: Ball 1-0: Ball 2-0: Foul Ball, location: 2F 2-1: Foul Ball, location: 2F 2-2: SOLO HOME RUN (Flyball, 78XD), Distance : 394 ft
|
Batting: RHB Júlio Salazar
|
0-0: Foul Ball, location: 2F 0-1: Swinging Strike 0-2: Strikes out swinging
|
Batting: RHB Nick Bechtel
|
0-0: Swinging Strike 0-1: Ball 1-1: SINGLE (Line Drive, 56)
|
Batting: RHB Román Sánchez
|
0-0: Ball 1-0: Ball 2-0: Called Strike 2-1: Foul Ball, location: 2F 2-2: Foul Ball, location: 2F 2-2: Ball 3-2: SINGLE (Line Drive, 9LS) Nick Bechtel to second
|
Batting: RHB Carlos Stanford
|
0-0: Called Strike 0-1: Swinging Strike 0-2: Ball 1-2: Ball 2-2: Ball 3-2: SINGLE (Line Drive, 7S) Nick Bechtel to third Román Sánchez to second
|
Batting: SHB Augusto Trejo
|
0-0: Ball 1-0: Foul Ball, location: 2F 1-1: Foul Ball, location: 2F 1-2: Foul Ball, location: 2F 1-2: Hit by Pitch Nick Bechtel scores Román Sánchez to third Carlos Stanford to second
|
Batting: RHB Eric Deweese
|
0-0: Swinging Strike 0-1: Called Strike 0-2: Foul Ball, location: 2F 0-2: Strikes out swinging
|
Batting: SHB Brian Burt
|
0-0: Ball 1-0: Ball 2-0: Ball 3-0: Base on Balls Román Sánchez scores Carlos Stanford to third Augusto Trejo to second
|
Batting: SHB Sean Worley
|
0-0: Called Strike 0-1: Swinging Strike 0-2: Strikes out looking
|
Top of the 2nd over - 3 runs, 4 hits, 0 errors, 3 left on base; Chicago 3 - Put-In-Bay 0 |
BOTTOM OF THE 2ND |
Put-In-Bay BC batting - Pitching for Chicago Tula : RHP Kent Randall
|
Batting: RHB Roberto Reyes
|
0-0: Ball 1-0: Called Strike 1-1: Ground out 6-3 (Groundball, 6D)
|
Batting: RHB Vic Funnell
|
0-0: Ball 1-0: Swinging Strike 1-1: Ball 2-1: Fly out, F8 (Flyball, 8LS)
|
Batting: RHB Scott Bray
|
0-0: Ball 1-0: Called Strike 1-1: Fly out, F8 (Flyball, 8LD)
|
Bottom of the 2nd over - 0 runs, 0 hits, 0 errors, 0 left on base; Chicago 3 - Put-In-Bay 0 |
TOP OF THE 3RD |
Chicago Tula batting - Pitching for Put-In-Bay BC : RHP Jin-guo Quan
|
Batting: RHB Frank de Blooys
|
0-0: Ball 1-0: Ball 2-0: Foul Ball, location: 2F 2-1: Ground out 4-3 (Groundball, 4)
|
Batting: RHB Júlio Salazar
|
0-0: Ball 1-0: Ball 2-0: Called Strike 2-1: SINGLE (Groundball, 56S) (infield hit)
|
Batting: RHB Nick Bechtel
|
0-0: Ball 1-0: Called Strike 1-1: Ball 2-1: Ball 3-1: Foul Ball, location: 2F 3-2: Strikes out swinging Júlio Salazar steals 2nd base Batter strikes out.
|
Batting: RHB Román Sánchez
|
0-0: Ball Wild Pitch! Júlio Salazar to third 1-0: Ball 2-0: SINGLE (Line Drive, 4MD) Júlio Salazar scores
|
Batting: RHB Carlos Stanford
|
0-0: SINGLE (Line Drive, 7S) Román Sánchez to second
|
Batting: SHB Augusto Trejo
|
0-0: Called Strike 0-1: Ball 1-1: Fly out, F7 (Flyball, 7S)
|
Top of the 3rd over - 1 run, 3 hits, 0 errors, 2 left on base; Chicago 4 - Put-In-Bay 0 |
BOTTOM OF THE 3RD |
Put-In-Bay BC batting - Pitching for Chicago Tula : RHP Kent Randall
|
Batting: RHB Hyun-hi Choung
|
0-0: Ball 1-0: Called Strike 1-1: Swinging Strike 1-2: Ball 2-2: Foul Ball, location: 2F 2-2: Ground out 6-3 (Groundball, 6)
|
Batting: LHB Ids Ulderink
|
0-0: Foul Ball, location: 2F 0-1: Ground out 4-3 (Groundball, 4)
|
Batting: RHB Álex Maroto
|
0-0: Ball 1-0: Ball 2-0: Ball 3-0: Called Strike 3-1: Ground out 6-3 (Groundball, 6)
|
Bottom of the 3rd over - 0 runs, 0 hits, 0 errors, 0 left on base; Chicago 4 - Put-In-Bay 0 |
TOP OF THE 4TH |
Chicago Tula batting - Pitching for Put-In-Bay BC : RHP Jin-guo Quan
|
Batting: RHB Eric Deweese
|
0-0: Foul Ball, location: 2F 0-1: Ground out 5-3 (Groundball, 56)
|
Batting: SHB Brian Burt
|
0-0: Called Strike 0-1: Foul Ball, location: 2F 0-2: Ball 1-2: Ball 2-2: Strikes out swinging
|
Batting: SHB Sean Worley
|
0-0: Called Strike 0-1: Ball 1-1: Ball 2-1: Called Strike 2-2: Ball 3-2: Ground out 4-3 (Groundball, 4S)
|
Top of the 4th over - 0 runs, 0 hits, 0 errors, 0 left on base; Chicago 4 - Put-In-Bay 0 |
BOTTOM OF THE 4TH |
Put-In-Bay BC batting - Pitching for Chicago Tula : RHP Kent Randall
|
Batting: SHB Ángel Venegas
|
0-0: Foul Ball, location: 2F 0-1: Ground out 4-3 (Groundball, 4)
|
Batting: SHB Yushua Harith
|
0-0: Foul Ball, location: 2F 0-1: Ball 1-1: Ball 2-1: Foul Ball, location: 2F 2-2: Foul Ball, location: 2F 2-2: Strikes out looking
|
Batting: LHB Pablo Martínez
|
0-0: SINGLE (Flyball, 89S)
|
Batting: RHB Roberto Reyes
|
0-0: Called Strike 0-1: Foul Ball, location: 2F 0-2: Ball 1-2: Ball 2-2: Foul Ball, location: 2F 2-2: Fielders Choice at 2nd, 6-4 (Groundball, 6)
|
Bottom of the 4th over - 0 runs, 1 hit, 0 errors, 1 left on base; Chicago 4 - Put-In-Bay 0 |
TOP OF THE 5TH |
Chicago Tula batting - Pitching for Put-In-Bay BC : RHP Jin-guo Quan
|
Batting: RHB Frank de Blooys
|
0-0: Foul Ball, location: 2F 0-1: Foul Ball, location: 2F 0-2: Foul Ball, location: 2F 0-2: Ball 1-2: Fly out, F9 (Flyball, 9LS)
|
Batting: RHB Júlio Salazar
|
0-0: Called Strike 0-1: Ball 1-1: Foul Ball, location: 2F 1-2: Strikes out looking
|
Batting: RHB Nick Bechtel
|
0-0: Foul Ball, location: 2F 0-1: Ball 1-1: Foul Ball, location: 2F 1-2: Ball 2-2: Strikes out looking
|
Top of the 5th over - 0 runs, 0 hits, 0 errors, 0 left on base; Chicago 4 - Put-In-Bay 0 |
BOTTOM OF THE 5TH |
Put-In-Bay BC batting - Pitching for Chicago Tula : RHP Kent Randall
|
Batting: RHB Vic Funnell
|
0-0: Called Strike 0-1: SOLO HOME RUN (Flyball, 78XD), Distance : 399 ft
|
Batting: RHB Scott Bray
|
0-0: Foul Ball, location: 2F 0-1: Ball 1-1: Called Strike 1-2: Foul Ball, location: 2F 1-2: Strikes out swinging
|
Batting: RHB Hyun-hi Choung
|
0-0: Called Strike 0-1: Ball 1-1: Foul Ball, location: 2F 1-2: Hit by Pitch
|
Pinch Runner at 1st Matous Sicak:
|
|
Batting: LHB Ids Ulderink
|
0-0: DOUBLE (Line Drive, 78D) Matous Sicak to third
|
Batting: RHB Álex Maroto
|
0-0: Called Strike 0-1: Ball 1-1: Fly out, F8 (Flyball, 8RD) Runner from 3rd tags up, SCORES, throw made
|
Batting: SHB Ángel Venegas
|
0-0: Ground out 5-3 (Groundball, 2L)
|
Bottom of the 5th over - 2 runs, 2 hits, 0 errors, 1 left on base; Chicago 4 - Put-In-Bay 2 |
TOP OF THE 6TH |
Chicago Tula batting - Pitching for Put-In-Bay BC : RHP Jin-guo Quan
|
Now in RF: Matous Sicak
|
|
Batting: RHB Román Sánchez
|
0-0: SINGLE (Line Drive, 9S)
|
Batting: RHB Carlos Stanford
|
0-0: Sac Bunt - play at first, batter OUT! 2-3 Román Sánchez to second
|
Batting: SHB Augusto Trejo
|
0-0: Ball 1-0: Foul Ball, location: 2F 1-1: Called Strike 1-2: Foul Ball, location: 2F 1-2: Ball 2-2: Foul Ball, location: 2F 2-2: Foul Ball, location: 2F 2-2: Foul Ball, location: 2F 2-2: Foul Ball, location: 2F 2-2: Ground out 4-3 (Groundball, 34) Román Sánchez to third
|
Pitching: RHP Parker Ball
|
|
Batting: RHB Eric Deweese
|
0-0: Called Strike 0-1: Ball 1-1: Foul Ball, location: 2F 1-2: Ball 2-2: Strikes out swinging
|
Top of the 6th over - 0 runs, 1 hit, 0 errors, 1 left on base; Chicago 4 - Put-In-Bay 2 |
BOTTOM OF THE 6TH |
Put-In-Bay BC batting - Pitching for Chicago Tula : RHP Kent Randall
|
Batting: SHB Yushua Harith
|
0-0: Ball 1-0: Called Strike 1-1: SINGLE (Line Drive, 4MD)
|
Batting: LHB Pablo Martínez
|
0-0: Ball 1-0: Hit by Pitch Yushua Harith to second
|
Batting: RHB Roberto Reyes
|
0-0: Ball 1-0: Ball 2-0: Called Strike 2-1: Foul Ball, location: 2F 2-2: Foul Ball, location: 2F 2-2: Ball 3-2: Fly out, F7 (Line Drive, 7S)
|
Batting: RHB Vic Funnell
|
0-0: Grounds into double play, 4-6-3 (Groundball, 4)
|
Bottom of the 6th over - 0 runs, 1 hit, 0 errors, 1 left on base; Chicago 4 - Put-In-Bay 2 |
TOP OF THE 7TH |
Chicago Tula batting - Pitching for Put-In-Bay BC : RHP Parker Ball
|
Batting: SHB Brian Burt
|
0-0: Ball 1-0: Ball 2-0: Swinging Strike 2-1: Foul Ball, location: 2F 2-2: Ground out 1-3 (Groundball, 13S)
|
Batting: SHB Sean Worley
|
0-0: Foul Ball, location: 2F 0-1: Ball 1-1: Swinging Strike 1-2: Strikes out swinging
|
Batting: RHB Frank de Blooys
|
0-0: Ball 1-0: Ground out 6-3 (Groundball, 6)
|
Top of the 7th over - 0 runs, 0 hits, 0 errors, 0 left on base; Chicago 4 - Put-In-Bay 2 |
BOTTOM OF THE 7TH |
Put-In-Bay BC batting - Pitching for Chicago Tula : RHP Kent Randall
|
Batting: RHB Scott Bray
|
0-0: Ball 1-0: Ball 2-0: Ball 3-0: Called Strike 3-1: Base on Balls
|
Batting: RHB Matous Sicak
|
0-0: Bunt missed! 0-1: Bunted foul 0-2: Ball 1-2: Ball 2-2: 2-RUN HOME RUN (Flyball, 7LD), Distance : 328 ft
|
Pinch Hitting: RHB Matt Cleveland
|
0-0: Called Strike 0-1: Ball 1-1: Swinging Strike 1-2: Foul Ball, location: 2F 1-2: Strikes out looking
|
Batting: RHB Álex Maroto
|
0-0: Ball 1-0: Fly out, F7 (Flyball, 7LM)
|
Batting: SHB Ángel Venegas
|
0-0: Ball 1-0: Fly out, F9 (Flyball, 9)
|
Bottom of the 7th over - 2 runs, 1 hit, 0 errors, 0 left on base; Chicago 4 - Put-In-Bay 4 |
TOP OF THE 8TH |
Chicago Tula batting - Pitching for Put-In-Bay BC : RHP Parker Ball
|
Now at 1B: Dan Hines
|
|
Batting: RHB Júlio Salazar
|
0-0: Called Strike 0-1: Called Strike 0-2: Strikes out swinging
|
Batting: RHB Nick Bechtel
|
0-0: Foul Ball, location: 2F 0-1: Foul Ball, location: 2F 0-2: Ball 1-2: Strikes out swinging
|
Batting: RHB Román Sánchez
|
0-0: Ball 1-0: Ball 2-0: Called Strike 2-1: Ball 3-1: Called Strike 3-2: Fly out, F9 (Flyball, 89S)
|
Top of the 8th over - 0 runs, 0 hits, 0 errors, 0 left on base; Chicago 4 - Put-In-Bay 4 |
BOTTOM OF THE 8TH |
Put-In-Bay BC batting - Pitching for Chicago Tula : RHP Kent Randall
|
Pitching: LHP Miracle Popoola
|
|
Batting: SHB Yushua Harith
|
0-0: Called Strike 0-1: Ball 1-1: Foul Ball, location: 2F 1-2: Ball 2-2: Ball 3-2: Strikes out swinging
|
Batting: LHB Pablo Martínez
|
0-0: Ball 1-0: Called Strike 1-1: Swinging Strike 1-2: Foul Ball, location: 2F 1-2: Fly out, F8 (Flyball, 78D)
|
Batting: RHB Roberto Reyes
|
0-0: Called Strike 0-1: Ball 1-1: Fly out, F7 (Line Drive, 7)
|
Bottom of the 8th over - 0 runs, 0 hits, 0 errors, 0 left on base; Chicago 4 - Put-In-Bay 4 |
TOP OF THE 9TH |
Chicago Tula batting - Pitching for Put-In-Bay BC : RHP Parker Ball
|
Pitching: RHP Jorge Vega
|
|
Batting: RHB Carlos Stanford
|
0-0: Called Strike 0-1: Ball 1-1: Foul Ball, location: 2F 1-2: Foul Ball, location: 2F 1-2: Strikes out swinging
|
Batting: SHB Augusto Trejo
|
0-0: Called Strike 0-1: Ball 1-1: Ball 2-1: Called Strike 2-2: Foul Ball, location: 2F 2-2: Ground out 6-3 (Groundball, 6)
|
Batting: RHB Eric Deweese
|
0-0: Called Strike 0-1: Ball 1-1: Ball 2-1: Fly out, F8 (Flyball, 8LXD)
|
Top of the 9th over - 0 runs, 0 hits, 0 errors, 0 left on base; Chicago 4 - Put-In-Bay 4 |
BOTTOM OF THE 9TH |
Put-In-Bay BC batting - Pitching for Chicago Tula : LHP Miracle Popoola
|
Pitching: RHP Peer Aarsen
|
|
Batting: RHB Vic Funnell
|
0-0: Ball 1-0: Called Strike 1-1: SINGLE (Line Drive, 9LM)
|
Batting: RHB Scott Bray
|
0-0: Ball 1-0: Bunted foul 1-1: Ball 2-1: Bunted foul 2-2: Fielders Choice at 2nd, 6-4 (Groundball, 6)
|
Pinch Hitting: RHB Steve Albright
|
0-0: Ball Scott Bray is caught stealing 2nd base 1-0: Called Strike 1-1: Ball 2-1: Foul Ball, location: 2F 2-2: Ball 3-2: Foul Ball, location: 2F 3-2: Base on Balls
|
Batting: LHB Dan Hines
|
0-0: Swinging Strike 0-1: Ball 1-1: Foul Ball, location: 2F 1-2: Foul Ball, location: 2F 1-2: Foul Ball, location: 2F 1-2: Fly out, F4 (Flyball, 34D)
|
Bottom of the 9th over - 0 runs, 1 hit, 0 errors, 1 left on base; Chicago 4 - Put-In-Bay 4 |
TOP OF THE 10TH |
Chicago Tula batting - Pitching for Put-In-Bay BC : RHP Jorge Vega
|
Now at SS: Steve Albright
|
|
Batting: SHB Brian Burt
|
0-0: Ball 1-0: Foul Ball, location: 2F 1-1: Foul Ball, location: 2F 1-2: Foul Ball, location: 2F 1-2: SINGLE (Groundball, 34D)
|
Pinch Runner at 1st Kristoffer Melin:
|
|
Batting: SHB Sean Worley
|
0-0: Ball Kristoffer Melin is caught stealing 2nd base 1-0: Ball 2-0: Ball 3-0: Called Strike 3-1: Base on Balls
|
Batting: RHB Frank de Blooys
|
0-0: Called Strike 0-1: Foul Ball, location: 2F 0-2: Ball 1-2: Ball 2-2: Ball 3-2: Base on Balls Sean Worley to second
|
Batting: RHB Júlio Salazar
|
0-0: Ball 1-0: Foul Ball, location: 2F 1-1: SINGLE (Flyball, 7S) Sean Worley to third Frank de Blooys to second Runner from 3rd tries for Home, SAFE, no throw
|
Batting: RHB Nick Bechtel
|
0-0: DOUBLE (Line Drive, 89D) Frank de Blooys scores Júlio Salazar to third Runner from 3rd tries for Home, SAFE, no throw
|
Pitching: RHP Tupac Blanch
|
|
Batting: RHB Román Sánchez
|
0-0: Ball 1-0: Ball 2-0: Called Strike 2-1: Ground out 4-3 (Groundball, 34) Nick Bechtel to third
|
Batting: RHB Carlos Stanford
|
0-0: Called Strike 0-1: Foul Ball, location: 2F 0-2: Ball 1-2: Strikes out swinging
|
Top of the 10th over - 3 runs, 3 hits, 0 errors, 1 left on base; Chicago 7 - Put-In-Bay 4 |
BOTTOM OF THE 10TH |
Put-In-Bay BC batting - Pitching for Chicago Tula : RHP Peer Aarsen
|
Now in CF: Kristoffer Melin
|
|
Batting: RHB Álex Maroto
|
0-0: Swinging Strike 0-1: Ground out 4-3 (Groundball, 4M)
|
Batting: SHB Ángel Venegas
|
0-0: Ball 1-0: Ball 2-0: Called Strike 2-1: Foul Ball, location: 2F 2-2: Foul Ball, location: 2F 2-2: Ball 3-2: Base on Balls
|
Batting: SHB Yushua Harith
|
0-0: Ground out U3 (Groundball, 34S) Ángel Venegas to second
|
Batting: LHB Pablo Martínez
|
0-0: Foul Ball, location: 2F 0-1: Foul Ball, location: 2F 0-2: Ground out 4-3 (Groundball, 4)
|
Bottom of the 10th over - 0 runs, 0 hits, 0 errors, 1 left on base; Chicago 7 - Put-In-Bay 4 |
|